 Dungeon Crawl Stone Soup version 0.32-a0-818-gb728d0252e (webtiles) character file.

Game seed: 13154734622277105475

956 Fodor the Covered (level 7, -11/58 (62) HPs)
             Began as a Minotaur Fighter on Mar 24, 2024.
             Was an Initiate of Gozag.
             Killed by nerve-wracking pain
             ... invoked by an orc priest
              (13 damage)
             ... on level 4 of the Dungeon.
             The game lasted 00:10:46 (4028 turns).

Fodor the Covered (Minotaur Fighter)                Turns: 4028, Time: 00:10:49

HP:   -11/58 (62)   AC: 10    Str: 22    XL:     7   Next: 91%
MP:   6/6           EV:  8    Int:  9    God:    Gozag
Gold: 109           SH:  8    Dex:  8    Spells: 6/6 levels left

rFire   . . .        a - +0 war axe
rCold   . . .        c - +0 kite shield
rNeg    . . .        b - +0 scale mail
rPois   .            (helmet restricted)
rElec   .            l - +0 cloak
rCorr   .            (no gloves)
SInv    .            m - +0 pair of boots
Will    .....        (no amulet) Stlth
                     (no ring)
HPRegen 0.29/turn    (no ring)
MPRegen 0.10/turn

%: no passive effects
@: gold aura, drained
A: horns 2, retaliatory headbutt, clever 1, high MP 1, inability to drink after
injury 1, inability to read after injury 1
a: Renounce Religion, Potion Petition, Call Merchant, Bribe Branch


You were on level 4 of the Dungeon.
You worshipped Gozag.
Gozag was aware of your devotion.
You visited 2 branches of the dungeon, and saw 7 of its levels.
You also visited: Sewer.

You collected 225 gold pieces.
You paid 116 gold pieces to Gozag.

Inventory:

Hand Weapons
 a - a +0 war axe (weapon)
Missiles
 p - 5 boomerangs (quivered)
Armour
 b - a +0 scale mail (worn)
 c - a +0 kite shield (worn)
 l - a +0 cloak (worn)
 m - a +0 pair of boots (worn)
 s - an orb of mayhem
Scrolls
 e - 3 scrolls of immolation {unknown}
 i - a scroll of fear {unknown}
 k - a scroll of amnesia {unknown}
 n - a scroll of identify {unknown}
 r - 3 scrolls of teleportation {unknown}
 t - a scroll of fog {unknown}
 u - a scroll of revelation {unknown}
Potions
 d - 2 potions of might
 f - a potion of haste {unknown}
 g - a potion of invisibility {unknown}
 h - a potion of heal wounds
 j - a potion of magic {unknown}
 o - 2 potions of experience {unknown}
 q - a potion of lignification {unknown}


   Skills:
 + Level 5.9 Fighting
 + Level 6.1 Axes
 + Level 0.3 Throwing
 + Level 7.0 Armour
 + Level 1.7 Dodging
 + Level 0.4 Stealth
 + Level 5.7 Shields


You had 6 spell levels left.
You didn't know any spells.
Your spell library contained the following spells:

 Spells                   Type           Power      Damage    Failure   Level
 Sting                    Conj/Alch      0%         1d3       90%         1
 Ensorcelled Hibernation  Hex/Ice        0%         N/A       97%         2
 Mercury Vapours          Alch/Air       0%         N/A       97%         2
 Passwall                 Erth           0%         N/A       99%         3
 Swiftness                Air            0%         N/A       99%         3
 Olgreb's Toxic Radiance  Alch           0%         N/A       100%        4


Dungeon Overview and Level Annotations

Branches:
Dungeon (6/15)             Temple (1/1) D:4           Sewer (visited)

Altars:
Cheibriados
Dithmenos
Elyvilon
Fedhas
Gozag
Hepliaklqana
Makhleb
Nemelex Xobeh
Qazlal
Sif Muna
Trog
Zin
The Shining One

Shops:
D:3 *


Innate Abilities, Weirdness & Mutations

You have a pair of horns on your head.
You reflexively headbutt those who attack you in melee.
Your mind is acute. (Int +4, Str/Dex -1)
You have an increased reservoir of magic. (+10% MP)
You occasionally lose the ability to drink potions when taking damage.
You occasionally lose the ability to read scrolls when taking damage.


Message History

* * * LOW HITPOINT WARNING * * *
You barely miss something.
You hear some strange, mumbled words.
A puff of flame appears from out of thin air!
The puff of flame misses you.
You barely miss something. Your headbutt misses something.
The orc priest looks satisfied for a moment.
Something hits you but does no damage. x2
You slash something!
Reactivating autopickup.
You feel a bit more experienced.
You barely miss the orc priest. Your headbutt misses the orc priest.
The orc priest closely misses you. You block the orc's attack.
You hit the orc priest but do no damage.
You block the orc priest's attack. You block the orc's attack.
The orc priest calls down the wrath of Beogh upon you.
Beogh smites you!
* * * LOW HITPOINT WARNING * * *
You hit the orc priest but do no damage.
Your headbutt misses the orc priest. You block the orc's attack.
You block the orc priest's attack.
The orc is distracted by your dazzling golden aura.
The orc shouts!
You hit the orc priest but do no damage.
The orc priest hits you with a +0 dagger of draining.
* * * LOW HITPOINT WARNING * * *
You feel drained.
* * * LOW HITPOINT WARNING * * *
Unknown command.
You hit the orc priest but do no damage.
The orc priest hits you but does no damage.
You feel drained.
You barely miss the orc priest.
The orc is no longer distracted by gold.
The orc priest hits you but does no damage.
You feel drained. The orc barely misses you.
The orc priest invokes the aid of Beogh against you.
Pain shoots through your body!
You die...
Your body crumbles into a pile of gold.

#.......>.........
####.#.P.P..###...
#)#.....## #...
#[####### #... #.#
#... #.# #... .
#.#### #...
....########....#
#...
.....oooo@......#
#...
....#.######....#
#### . # #...#.^#
# #.####.# #
#.#....# #.#.####
#...# #####


You could see an orc priest and 3 orcs.

Vanquished Creatures
  A black bear (D:6)
  4 kobold brigands (Sewer)
  A howler monkey (D:4)
  A bombardier beetle (D:3)
  A jelly (D:6)
  2 hounds
  A sleepcap (D:5)
  A gnoll bouda (D:5)
  An iguana (D:4)
  Natasha (D:4)
  2 orc wizards (D:4)
  6 gnolls (D:5)
  9 adders
  4 river rats
  2 dart slugs
  6 ribbon worms
  10 orcs
  7 ball pythons
  10 endoplasms
  4 giant cockroaches
  4 goblins
  4 hobgoblins
  3 jackals (D:2)
  A quokka (D:4)
  3 bats
  A frilled lizard (D:2)
  7 kobolds
  10 rats
107 creatures vanquished.

Notes
Turn   | Place    | Note
-------+----------+-------------------------------------------
     0 | D:1      | Fodor the Minotaur Fighter began the quest for the Orb.
     0 | D:1      | Reached XP level 1. HP: 19/19 MP: 0/0
   221 | D:1      | Reached XP level 2. HP: 25/27 MP: 1/1
   501 | D:2      | Found a sparkling altar of Nemelex Xobeh.
   608 | D:2      | Reached XP level 3. HP: 34/34 MP: 2/2
   693 | D:2      | Reached skill level 4 in Armour
  1297 | D:3      | Reached XP level 4. HP: 41/41 MP: 3/3
  1386 | D:3      | Found Cemitaikk's General Store.
  1721 | D:3      | Identified the +1 robe of Ru's Anger {rCorr Archmagi}
  1726 | D:3      | Found a faded altar of an unknown god.
  1731 | D:3      | Found a bloodstained altar of Trog.
  2083 | D:4      | You fall into a shaft and drop 2 floors!
  2141 | D:6      | Noticed a black bear
  2150 | D:6      | Killed a black bear
  2151 | D:6      | Reached XP level 5. HP: 10/47 MP: 4/4
  2193 | D:6      | Reached XP level 6. HP: 21/55 MP: 5/5
  2197 | D:6      | Gained mutation: You occasionally lose the ability to read
                  | scrolls when taking damage. [potion of mutation]
  2197 | D:6      | Gained mutation: You occasionally lose the ability to drink
                  | potions when taking damage. [potion of mutation]
  2197 | D:6      | Gained mutation: Your mind is acute. (Int +4, Str/Dex -1)
                  | [potion of mutation]
  2197 | D:6      | Gained mutation: You have an increased reservoir of magic.
                  | (+10% MP) [potion of mutation]
  2208 | D:6      | Reached skill level 5 in Fighting
  2216 | D:6      | Reached skill level 5 in Axes
  2230 | D:6      | Reached skill level 5 in Armour
  2298 | D:6      | Found a glowing drain.
  2307 | Sewer    | Entered a sewer
  2557 | Sewer    | Reached skill level 5 in Shields
  2803 | Sewer    | Reached skill level 1 in Dodging
  2890 | Sewer    | Reached XP level 7. HP: 61/61 MP: 6/6
  2942 | Sewer    | Reached skill level 6 in Armour
  3043 | D:5      | Entered Level 5 of the Dungeon
  3500 | D:4      | Found a staircase to the Ecumenical Temple.
  3513 | D:4      | Noticed Natasha
  3524 | D:4      | Reached skill level 7 in Armour
  3537 | D:4      | Killed Natasha
  3546 | Temple   | Entered the Ecumenical Temple
  3636 | Temple   | Became a worshipper of Gozag Ym Sagoz the Greedy
  4024 | D:4      | HP: 3/62 [orc priest/divine providence (14)]
  4026 | D:4      | HP: 1/60 [orc priest/+0 dagger of draining (1)]
  4028 | D:4      | Killed from afar by an orc priest

Illustrated notes

Levels and vault maps discovered:
D:1:      dpeg_arrival_ternary, layout_basic
D:2:      layout_basic, basic_altar
D:3:      layout_loops_corners, nicolae_overflow_ecumenical_swirl, serial_shops,
          nicolae_shop_tiny_waterfront
D:4:      layout_basic, nicolae_ashenzari_panopticon, minmay_temple_entry_trees,
          serial_shops, nicolae_shop_tiny_real_fake_doors,
          hangedman_feature_mirror, chequers_serial_rivers_marsh, uniq_natasha
D:5:      layout_basic, lemuel_crystal_altar, gammafunk_ghost_stat_death,
          uniq_pikel
D:6:      layout_loops_corners, nicolae_overflow_crystal_walls,
          lightli_sewer_entry_pipes, roderic_batcave, grunt_ministairs_6,
          minmay_misc_feat_alley
Temple:   grunt_temple_mini_profane

Skill      XL: |  1  2  3  4  5  6  7 |
---------------+----------------------+-----
Shields        | 4 5 |  5.7
Fighting       | 4 5 |  5.9
Armour         | 4 5 7 |  7.0
Axes           | 3 4 5 6 |  6.1
Dodging        | 1 |  1.7
Throwing       | |  0.3
Stealth        | |  0.4

Action                     |  1- 3 |  4- 6 |  7- 9 || total
---------------------------+-------+-------+-------++-------
  Melee: War axe           |    59 |   195 |   112 ||   366
         Headbutt          |    11 |    29 |    14 ||    54
  Throw: Boomerang         |       |     8 |       ||     8
    Use: Potion            |       |     6 |       ||     6
 Armour: Scale mail        |    36 |   137 |   109 ||   282
  Dodge: Dodged            |    22 |    57 |    47 ||   126
  Block: Buckler           |     4 |       |       ||     4
         Kite shield       |    20 |    98 |    57 ||   175

Table legend: (Time is in decaauts)
 A = Elapsed time spent in this place.
 B = Non-inter-level travel time spent in this place.
 C = Inter-level travel time spent in this place.
 D = Time resting spent in this place.
 E = Time spent auto-exploring this place.
 F = Levels seen in this place.
 G = Mean time per level.
                   A        B        C        D        E       F      G
               +--------+--------+--------+--------+--------+-----+--------+
         Total |   4309 |   4241 |     68 |    152 |   2539 |   8 |  538.6 |
       Dungeon |   3356 |   3288 |     68 |      0 |   2162 |   6 |  559.3 |
        Temple |    146 |    146 |      0 |      0 |     41 |   1 |  146.0 |
         Sewer |    807 |    807 |      0 |    152 |    336 |   1 |  807.0 |
               +--------+--------+--------+--------+--------+-----+--------+

Top non-repeatable levels by time:
     D:2: 941 daAuts
     D:3: 898 daAuts
   Sewer: 807 daAuts
     D:4: 470 daAuts
     D:5: 394 daAuts
     D:6: 346 daAuts
     D:1: 305 daAuts
  Temple: 146 daAuts
